 Dungeon Sprint DCSS version 0.24-a0-222-g1ac5efaa63 (webtiles) character file.

Game seed: 4463527271067567118

9222040 Findor the Conqueror (level 21, 135/204 HPs)
             Began as a Demonspawn Gladiator on Mar 31, 2019.
             Was the Champion of Okawaru.
             Escaped with the Orb
             ... and 5 runes!
             The game lasted 01:10:37 (18303 turns).

Findor the Conqueror (Demonspawn Gladiator)        Turns: 18303, Time: 01:10:37

Health: 135/204    AC: 39    Str: 27    XL:     21   Next: 56%
Magic:  38/38      EV: 22    Int: 13    God:    Okawaru [******]
Gold:   242        SH: 33    Dex: 17    Spells: 20/20 levels left

rFire    + + .     SeeInvis .   R - +4 broad axe (freeze)
rCold    + + .     Gourm    .   E - +3 large shield of the Elephant {+Inv rPois rC+}
rNeg     . . .     Faith    .   r - +0 gold dragon scales
rPois    +         Spirit   +   (helmet restricted)
rElec    +         Reflect  +   J - +0 cloak {+Inv}
rCorr    .         Harm     .   p - +2 pair of gloves {Str+3}
MR       ++++.     NoTele   +   (boots unavailable)
Stlth    +.........             D - +2 amulet of reflection
HPRegen  0.44/turn              x - ring "Fohoi" {rPois rF+ Str+3}
MPRegen  0.52/turn              B - ring of Iclaheph {*Corrode +Inv +Fly rPois MR+++}

@: no status effects
A: antennae 1, talons 3, iridescent scales 3, agile 1, blink, demonic guardian
2, electricity resistance, augmentation 1, magic shield, magic regeneration, no
potion heal 2
0: Orb of Zot
}: 5/17 runes: decaying, serpentine, barnacled, silver, gossamer
a: Blink, Heroism, Finesse, Renounce Religion, Evoke Invisibility, Evoke Flight


You escaped.
You worshipped Okawaru.
Okawaru was exalted by your worship.
You were full.

You visited 1 branch You collected 1980 gold pieces.
You spent 1738 gold pieces at shops.


Innate Abilities, Weirdness & Mutations

You have claws for feet.
You are completely covered in iridescent scales. (AC +6)
A demonic guardian rushes to your aid.
Your magical and physical power is slightly enhanced at high health.
When hurt, damage is shared between your health and your magic reserves.
You regenerate magic rapidly.
You have a pair of small antennae on your head.
You are agile. (Dex +2)
You can translocate small distances at will.
You are resistant to electric shocks. (rElec)
Potions are poor at restoring your health.


   Skills:
 O Level 27 Fighting
 O Level 27 Axes
 + Level 2.2 Throwing
 O Level 27 Armour
 O Level 27 Dodging
 O Level 27 Stealth
 O Level 27 Shields
 O Level 27 Invocations
 O Level 27 Evocations


You had 20 spell levels left.
You didn't know any spells.
Your spell library contained the following spells:

 Spells                   Type           Power        Failure   Level  Hunger
 Apportation              Tloc           #.....       88%         1    ##.....
 Poisonous Vapours        Pois/Air       #.....       96%         2    ###....
 Conjure Flame            Conj/Fire      #.......     99%         3    ####...
 Mephitic Cloud           Conj/Pois/Air  #.......     99%         3    ####...
 Regeneration             Chrm/Necr      #.........   99%         3    ####...
 Force Lance              Conj/Tloc      #.......     100%        4    #####..
 Borgnjor's Vile Clutch   Necr/Erth      #.........   100%        5    ######.
 Freezing Cloud           Conj/Ice/Air   #.........   100%        6    #######
 Malign Gateway           Summ/Tloc      #.........   100%        7    #######
 Ring of Flames           Chrm/Fire      #.........   100%        7    #######

Inventory:

Hand Weapons
 a - a +9 executioner's axe of electrocution
   (You took it off Rupert in the Dungeon)
 b - a +0 glaive
   (You took it off a red draconian in the Dungeon)
 n - the +6 war axe of Jigiur {protect, +Rage rF+ rC- Stlth+, unknown}
   (Okawaru gifted it to you in the Dungeon)

   It protects the one who uses it against injury (+AC on strike).
   It protects you from fire.
   It makes you vulnerable to cold.
   It lets you go berserk.
   It makes you more stealthy.
 R - a +4 broad axe of freezing (weapon)
   (Okawaru gifted it to you in the Dungeon)
Missiles
 d - 4 throwing nets {!f}
 G - 86 javelins
 O - 10 javelins of penetration (quivered)
Armour
 p - a +2 pair of gloves of strength (worn)
   (Okawaru gifted it to you in the Dungeon)
 r - +0 gold dragon scales (worn)
   (You found it in the Dungeon)
 t - a +0 helmet of see invisible
   (You found it in the Dungeon)
 E - the +3 large shield of the Elephant (worn) {+Inv rPois rC+}
   (You found it in the Dungeon)

   It protects you from cold.
   It protects you from poison.
   It lets you turn invisible.
 H - the +0 crystal plate armour of Voexor {Str+6}
   (Okawaru gifted it to you in the Dungeon)

   It affects your strength (+6).
 J - a +0 cloak of invisibility (worn)
   (You found it in the Dungeon)
 M - a +1 cloak of poison resistance
   (You took it off a draconian scorcher in the Dungeon)
 P - a +2 pair of boots of stealth
   (Okawaru gifted it to you in the Dungeon)
Jewellery
 c - the ring of a Thousand Runes {rElec rN+ Int+3 Stlth-}
   (You found it in the Dungeon)

   [ring of attention]

   It affects your intelligence (+3).
   It insulates you from electricity.
   It protects you from negative energy.
   It makes you less stealthy.
 l - an uncursed ring of protection from magic
   (You bought it in a shop in the Dungeon)
 o - an uncursed ring of protection from fire
   (You found it in the Dungeon)
 q - an uncursed ring of protection from fire
   (You found it in the Dungeon)
 u - an uncursed ring of protection from magic
   (You found it in the Dungeon)
 x - the ring "Fohoi" (left hand) {rPois rF+ Str+3}
   (You found it in the Dungeon)

   [ring of protection from fire]

   It affects your strength (+3).
   It protects you from fire.
   It protects you from poison.
 y - a +4 ring of evasion
   (You found it in the Dungeon)
 B - the ring of Iclaheph (right hand) {*Corrode +Inv +Fly rPois MR+++}
   (You found it in the Dungeon)

   [ring of poison resistance]

   It protects you from poison.
   It affects your resistance to hostile enchantments.
   It lets you turn invisible.
   It lets you fly.
   It may corrode you when you take damage.
 C - the ring of Yendor {EV+3 Str-4 Dex+5}
   (You found it in the Dungeon)

   [ring of evasion]

   It affects your evasion (+3).
   It affects your strength (-4).
   It affects your dexterity (+5).
 D - a +2 amulet of reflection (around neck)
   (You bought it in a shop in the Dungeon)
 I - a +4 ring of protection
   (You found it in the Dungeon)
Scrolls
 k - 5 scrolls of blinking
 m - 2 scrolls of amnesia
 v - 3 scrolls of fog
 z - 5 scrolls of fear
 A - 2 scrolls of remove curse {@r2}
Potions
 e - a potion of berserk rage
 f - a potion of brilliance
 g - 4 potions of heal wounds {@q2}
 h - 3 potions of agility
 j - a potion of curing {@q1}
 K - 4 potions of haste {@q3}
 L - a potion of mutation {!q}
 S - 2 potions of flight
Miscellaneous
 s - a lightning rod (4/4) {!a}
   (You found it in the Dungeon)


Message History

There is a basalt altar of Yredelemnul here.
There is a shimmering altar of Xom here.
There is an ornate altar of the Wu Jian Council here.
There is a radiant altar of Vehumet here.
There is a hide-covered altar of Uskayaw here.
There is a bloodstained altar of Trog here.
There is a deep blue altar of Sif Muna here.
A smoke demon comes into view.
There is a sacrificial altar of Ru here.
There is a deep blue altar of Sif Muna here.
There is a sacrificial altar of Ru here.
There is a stormy altar of Qazlal here.
There is an iron altar of Okawaru here.
You slice the smoke demon!! You freeze the smoke demon!
You claw the smoke demon!
You kill the smoke demon!
Okawaru accepts your kill.
There is a sparkling altar of Nemelex Xobeh here.
A sun demon comes into view.
The sun demon shouts!
There is a burning altar of Makhleb here.
There is a corrupted altar of Lugonu here.
There is an ancient bone altar of Kikubaaqudgha here.
You closely miss the sun demon. You claw the sun demon! You hit the sun demon.
You freeze the sun demon.
You claw the sun demon, but do no damage.
You block the sun demon's attack.
You slice the sun demon!! You freeze the sun demon!!
You kill the sun demon!
Okawaru accepts your kill.
You have mastered Axes!
You need to enable at least one skill for training.
Your Throwing skill increases to level 2!
Unknown command.
Press < or > to pray at altars.
There is a viscous altar of Jiyva here.
There is a hazy altar of Hepliaklqana here.
There is an opulent altar of Gozag here.
There is a blossoming altar of Fedhas here.
There is a white marble altar of Elyvilon here.
There is a shadowy altar of Dithmenos here.
There is a snail-covered altar of Cheibriados here.
There is a roughly hewn altar of Beogh here.
There is an open door to the Temple here.
There is an open door here.
Things that are here:
a +0 dagger; a +0 club
There is an open door to the Dungeon here.
There is a staircase leading out of the dungeon here.
You have escaped!

▓)[.[(.).))..)'...
▓)▓▓▓▓▓▓▓▓▓▓▓▓▓▓▓▓
▓).............{..
▓▓▓▓▓▓▓▓▓▓▓▓▓▓▓▓▓▓
▓.......'.........
▓.▓▓▓▓▓▓▓▓▓▓▓▓▓▓▓▓
▓.................
▓▓▓▓▓▓▓▓▓▓▓▓▓▓▓▓▓▓
▓@...'.....).....'
▓▓▓▓▓▓▓▓▓▓▓▓▓▓▓▓▓▓


There were no monsters in sight!

Vanquished Creatures
  A seraph (D)
  3 ancient liches (D)
  3 orbs of fire (D)
  Mara (D)
  5 pandemonium lords (D)
  Mennas (D)
  Saint Roka (D)
  Nikola (D)
  Jory (D)
  A bone dragon (D)
  11 golden dragons (D)
  2 Tzitzimimeh (D)
  6 electric golems (D)
  A Brimstone Fiend (D)
  Rupert (D)
  2 Ice Fiends (D)
  30 Orb Guardians (D)
  3 tentacled monstrosities (D)
  A quicksilver dragon (D)
  A sphinx (D)
  A titan (D)
  2 Executioners (D)
  Frances (D)
  5 storm dragons (D)
  Agnes (D)
  6 shadow dragons (D)
  A fire giant (D)
  2 draconian monks (D)
  A daeva (D)
  Ilsuiw (D)
  7 nagarajas (D)
  4 balrugs (D)
  3 frost giants (D)
  4 ghost moths (D)
  3 vault wardens (D)
  A black sun (D)
  2 orc warlords (D)
  3 draconian scorchers (D)
  Aizul (D)
  5 emperor scorpions (D)
  An emperor scorpion (shapeshifter) (D)
  Louise (D)
  2 draconian stormcallers (D)
  2 cacodemons (D)
  3 draconian shifters (D)
  An ironheart preserver (D)
  A war gargoyle (D)
  2 very ugly things (D)
  5 stone giants (D)
  6 reapers (D)
  An entropy weaver (D)
  A green draconian (D)
  2 black draconians (D)
  2 vampire knights (D)
  3 lorocyprocas (D)
  Azrael (D)
  4 purple draconians (D)
  3 white draconians (D)
  2 yellow draconians (D)
  3 red draconians (D)
  4 ettins (D)
  2 blizzard demons (D)
  7 merfolk javelineers (D)
  5 fire dragons (D)
  2 yaktaur captains (D)
  A deep elf high priest (D)
  Josephine (D)
  2 merfolk impalers (D)
  A hell beast (D)
  A great orb of eyes (D)
  7 hydras (D)
  A monstrous demonspawn (D)
  A rakshasa (D)
  5 ice dragons (D)
  3 centaur warriors (D)
  25 vault guards (D)
  A ghost crab (D)
  4 merfolk aquamancers (D)
  An alligator (D)
  An alligator snapping turtle (D)
  A merfolk avatar (D)
  A deep troll shaman (D)
  3 hell hogs (D)
  A tengu warrior (D)
  An ogre mage (D)
  A deep troll earth mage (D)
  A satyr (D)
  11 orc high priests (D)
  2 naga sharpshooters (D)
  A shock serpent (D)
  A deep elf knight (D)
  A salamander mystic (D)
  6 sun demons (D)
  7 sixfirhies (D)
  A shadow wraith (D)
  A hell knight (D)
  2 sea snakes (D)
  2 torturous demonspawn (D)
  A cherub (D)
  5 swamp dragons (D)
  10 orc knights (D)
  2 necromancers (D)
  A deep elf archer (D)
  2 gelid demonspawn (D)
  3 ironbrand convokers (D)
  3 wolf spiders (D)
  An ugly thing (D)
  A manticore (D)
  An orb spider (D)
  A cyclops (D)
  An orc sorcerer (D)
  7 moths of wrath (D)
  Maurice (D)
  2 rust devils (D)
  9 elephants (D)
  A vault sentinel (D)
  Psyche (D)
  A moth of wrath (shapeshifter) (D)
  3 smoke demons (D)
  2 guardian serpents (D)
  4 naga magi (D)
  4 black mambas (D)
  2 gargoyles (D)
  7 spiny frogs (D)
  3 orange demons (D)
  3 hellions (D)
  2 large abominations (D)
  A freezing wraith (D)
  2 yaktaurs (D)
  A tormentor (D)
  3 demonic crawlers (D)
  4 red devils (D)
  A meliai (shapeshifter) (D)
  A merfolk (D)
  A bog body (D)
  2 hornets (D)
  3 jumping spiders (D)
  2 slime creatures (D)
  3 hippogriffs (D)
  Eustachio (D)
  2 redbacks (D)
  A hog (shapeshifter) (D)
  A shadow (D)
  5 wraiths (D)
  A yak (D)
  2 golden eyes (D)
  A basilisk (D)
  2 neqoxecs (D)
  A chaos spawn (D)
  3 fire elementals (D)
  A swamp worm (shapeshifter) (D)
  3 nagas (D)
  4 hell hounds (D)
  2 acid dragons (D)
  4 porcupines (D)
  An ice beast (D)
  4 swamp drakes (D)
  11 orc warriors (D)
  A boggart (D)
  An ogre (D)
  2 crocodiles (D)
  2 big kobolds (D)
  3 bullfrogs (D)
  2 scorpions (D)
  A wight (D)
  A howler monkey (D)
  A quasit (D)
  4 orc priests (D)
  2 hounds (D)
  2 orc wizards (D)
  4 worker ants (D)
  A white imp (D)
  11 orcs (D)
  A hobgoblin (D)
  A bat (D)
  2 frilled lizards (D)
  A kobold (D)
  A leopard gecko zombie (D)
  A crawling corpse (D)
498 creatures vanquished.

Vanquished Creatures (collateral kills)
  2 Orb Guardians (D)
  A blood saint (D)
  A moth of wrath (D)
  A jumping spider (D)
  A golden eye (D)
  A fire elemental (D)
  A water moccasin (D)
  A hell hound (D)
  A crawling corpse (D)
10 creatures vanquished.

Vanquished Creatures (others)
  A spatial maelstrom (D)
  A dart slug (D)
2 creatures vanquished.

Grand Total: 510 creatures vanquished

Notes
Turn   | Place    | Note
-------+----------+-------------------------------------------
     0 | D        | Findor the Demonspawn Gladiator began the quest for the
                  | Orb.
     0 | D        | Reached XP level 1. HP: 16/16 MP: 1/1
     1 | D        | Banished a spatial maelstrom
     6 | D        | Reached skill level 3 in Axes
    21 | D        | Noticed a worker ant
    21 | D        | Noticed a hound
    21 | D        | Noticed a worker ant
    27 | D        | Killed a worker ant
    27 | D        | Reached skill level 6 in Axes
    27 | D        | Gained mutation: When hurt, damage is shared between your
                  | health and your magic reserves. [demonic ancestry]
    27 | D        | Reached XP level 2. HP: 21/22 MP: 2/2
    27 | D        | Reached XP level 3. HP: 26/27 MP: 3/3
    39 | D        | HP: 2/27 [worker ant (6)]
    42 | D        | Gained mutation: A weak demonic guardian rushes to your
                  | aid. [demonic ancestry]
    42 | D        | Reached XP level 4. HP: 10/33 MP: 0/4
   250 | D        | Found a roughly hewn altar of Beogh.
   250 | D        | Found a snail-covered altar of Cheibriados.
   250 | D        | Found a shadowy altar of Dithmenos.
   250 | D        | Found a white marble altar of Elyvilon.
   250 | D        | Found a blossoming altar of Fedhas.
   250 | D        | Found an opulent altar of Gozag.
   251 | D        | Found a hazy altar of Hepliaklqana.
   252 | D        | Found a viscous altar of Jiyva.
   253 | D        | Found an ancient bone altar of Kikubaaqudgha.
   254 | D        | Found a corrupted altar of Lugonu.
   255 | D        | Found a burning altar of Makhleb.
   256 | D        | Found a sparkling altar of Nemelex Xobeh.
   257 | D        | Found an iron altar of Okawaru.
   258 | D        | Found a stormy altar of Qazlal.
   259 | D        | Found a sacrificial altar of Ru.
   260 | D        | Found a deep blue altar of Sif Muna.
   261 | D        | Found a bloodstained altar of Trog.
   262 | D        | Found a hide-covered altar of Uskayaw.
   263 | D        | Found a radiant altar of Vehumet.
   264 | D        | Found an ornate altar of the Wu Jian Council.
   265 | D        | Became a worshipper of Warmaster Okawaru
   266 | D        | Found a shimmering altar of Xom.
   267 | D        | Found a basalt altar of Yredelemnul.
   268 | D        | Found a glowing silver altar of Zin.
   269 | D        | Found a glowing golden altar of the Shining One.
   300 | D        | Got the +1 broad axe of Darkness {chop, rC+}
   329 | D        | Noticed an ice beast
   329 | D        | Noticed a yak
   329 | D        | Noticed a bullfrog
   329 | D        | Noticed a hippogriff
   339 | D        | Killed an ice beast
   339 | D        | Reached XP level 5. HP: 28/38 MP: 5/5
   346 | D        | Killed a yak
   346 | D        | Reached skill level 12 in Axes
   346 | D        | Gained mutation: You are partially covered in iridescent
                  | scales. (AC +2) [demonic ancestry]
   346 | D        | Reached XP level 6. HP: 32/44 MP: 6/6
   353 | D        | Reached * piety under Okawaru
   362 | D        | Killed a hippogriff
   362 | D        | Gained mutation: You have sharp toenails. [demonic
                  | ancestry]
   362 | D        | Reached XP level 7. HP: 29/50 MP: 3/7
   631 | D        | Reached ** piety under Okawaru
   645 | D        | Reached skill level 15 in Axes
   837 | D        | Noticed a spiny frog
   837 | D        | Noticed a black mamba
   837 | D        | Noticed a hippogriff
   839 | D        | Reached skill level 1 in Invocations
   844 | D        | Reached skill level 1 in Armour
   844 | D        | Reached skill level 3 in Dodging
   844 | D        | Reached skill level 1 in Shields
   844 | D        | Reached skill level 1 in Evocations
   844 | D        | Gained mutation: You regenerate magic rapidly. [demonic
                  | ancestry]
   844 | D        | Reached XP level 8. HP: 38/57 MP: 4/9
   846 | D        | Killed a black mamba
   846 | D        | Reached *** piety under Okawaru
   846 | D        | Reached skill level 3 in Fighting
   846 | D        | Reached skill level 3 in Invocations
   846 | D        | Noticed a black mamba
   847 | D        | Killed a spiny frog
   847 | D        | Reached **** piety under Okawaru
   847 | D        | Reached skill level 3 in Armour
   847 | D        | Reached skill level 3 in Shields
   847 | D        | Reached skill level 3 in Evocations
   847 | D        | Killed a hippogriff
   847 | D        | Reached XP level 9. HP: 30/66 MP: 3/12
  1038 | D        | Killed a black mamba
  1045 | D        | HP: 13/68 [poisoned by a black mamba]
  1050 | D        | HP: 11/68 [poisoned by a black mamba]
  1055 | D        | HP: 11/68 [poisoned by a black mamba]
  1062 | D        | HP: 10/68 [poisoned by a black mamba]
  1070 | D        | HP: 10/68 [poisoned by a black mamba]
  1358 | D        | Noticed a spiny frog
  1358 | D        | Noticed an elephant
  1358 | D        | Noticed a spiny frog
  1359 | D        | Noticed a six-headed hydra
  1373 | D        | Killed a spiny frog
  1373 | D        | Reached skill level 6 in Invocations
  1377 | D        | Killed an elephant
  1380 | D        | Reached ***** piety under Okawaru
  1386 | D        | Killed a spiny frog
  1389 | D        | Reached skill level 6 in Fighting
  1565 | D        | Killed a six-headed hydra
  1565 | D        | Reached skill level 6 in Dodging
  1565 | D        | Reached skill level 6 in Evocations
  1565 | D        | Gained mutation: You are mostly covered in iridescent
                  | scales. (AC +4) [demonic ancestry]
  1565 | D        | Reached XP level 10. HP: 74/77 MP: 12/15
  1613 | D        | Noticed an elephant
  1613 | D        | Noticed an elephant
  1613 | D        | Noticed an elephant
  1613 | D        | Noticed an elephant
  1613 | D        | Noticed an elephant
  1613 | D        | Noticed an elephant
  1616 | D        | Killed an elephant
  1616 | D        | Received a gift from Okawaru
  1617 | D        | Noticed an elephant
  1620 | D        | Noticed an elephant
  1621 | D        | Killed an elephant
  1621 | D        | Killed an elephant
  1621 | D        | Reached skill level 6 in Armour
  1621 | D        | Killed an elephant
  1621 | D        | Reached skill level 6 in Shields
  1621 | D        | Killed an elephant
  1625 | D        | Killed an elephant
  1625 | D        | Reached ****** piety under Okawaru
  1625 | D        | Reached skill level 9 in Invocations
  1632 | D        | Killed an elephant
  1639 | D        | Killed an elephant
  1819 | D        | Noticed Josephine
  1833 | D        | Killed Josephine
  1833 | D        | Gained mutation: You are completely covered in iridescent
                  | scales. (AC +6) [demonic ancestry]
  1833 | D        | Reached XP level 11. HP: 84/86 MP: 18/18
  2007 | D        | Noticed Psyche
  2071 | D        | Killed Psyche
  2306 | D        | Noticed an orc high priest
  2363 | D        | Killed an orc high priest
  2472 | D        | Noticed an orc knight
  2472 | D        | Noticed an orc high priest
  2517 | D        | Killed an orc knight
  2527 | D        | Killed an orc high priest
  2527 | D        | Received a gift from Okawaru
  2530 | D        | Got a crude falchion {god gift}
  2548 | D        | Identified the +11 falchion "Pikeps" {freeze, Int+3}
                  | (Okawaru gifted it to you in the Dungeon)
  2605 | D        | Reached skill level 9 in Fighting
  2650 | D        | Noticed an orc sorcerer
  2655 | D        | Reached skill level 18 in Axes
  2657 | D        | Killed an orc sorcerer
  2685 | D        | Found Currok's Book Emporium.
  2685 | D        | Noticed an orc knight
  2685 | D        | Noticed an orc high priest
  2685 | D        | Noticed an orc knight
  2685 | D        | Noticed an orc high priest
  2685 | D        | Noticed an orc high priest
  2750 | D        | Killed an orc high priest
  2750 | D        | Reached skill level 9 in Evocations
  2751 | D        | Killed an orc knight
  2751 | D        | Reached skill level 9 in Dodging
  2751 | D        | Killed an orc high priest
  2760 | D        | Killed an orc high priest
  2761 | D        | Killed an orc knight
  2761 | D        | Received a gift from Okawaru
  2761 | D        | Reached skill level 9 in Armour
  2762 | D        | Got a bloodstained chain mail {god gift}
  2778 | D        | Noticed an orc knight
  2787 | D        | Killed an orc knight
  2787 | D        | Reached skill level 9 in Shields
  2803 | D        | Identified the +2 chain mail of Ocruj {*Corrode rElec Int+4
                  | Dex+4} (Okawaru gifted it to you in the Dungeon)
  2827 | D        | Noticed an orc high priest
  2828 | D        | Noticed an orc high priest
  2842 | D        | Killed an orc high priest
  2842 | D        | Reached XP level 12. HP: 97/97 MP: 19/19
  2852 | D        | Killed an orc high priest
  2870 | D        | Found Neur's Jewellery Shoppe.
  2874 | D        | Found Fuugur's Weapon Emporium.
  2878 | D        | Found King's Antique Armour Shoppe.
  2881 | D        | Noticed an orc high priest
  2882 | D        | Noticed an orc high priest
  2883 | D        | Noticed an orc high priest
  2886 | D        | Noticed an orc high priest
  2887 | D        | Killed an orc high priest
  2893 | D        | Killed an orc high priest
  2893 | D        | Killed an orc high priest
  2897 | D        | Killed an orc high priest
  2905 | D        | Bought a buckler for 126 gold pieces
  2910 | D        | Bought an uncursed ring of protection from magic for 275
                  | gold pieces
  2910 | D        | Bought an uncursed ring of protection from magic for 275
                  | gold pieces
  2910 | D        | Bought a +2 amulet of reflection for 82 gold pieces
  2942 | D        | Bought a slimy scale mail for 252 gold pieces
  2942 | D        | Bought a glowing plate armour for 728 gold pieces
  2942 | D        | Identified the +0 scale mail of Catatonia {rN+} (You bought
                  | it in a shop in the Dungeon)
  3032 | D        | Noticed Eustachio
  3045 | D        | Killed Eustachio
  3302 | D        | Noticed a fire dragon
  3310 | D        | Noticed a white very ugly thing
  3313 | D        | Noticed an ettin
  3318 | D        | Killed a fire dragon
  3318 | D        | Noticed a tengu warrior
  3324 | D        | Noticed a vampire knight
  3335 | D        | Killed a white very ugly thing
  3335 | D        | Received a gift from Okawaru
  3335 | D        | Reached skill level 12 in Fighting
  3338 | D        | Killed an ettin
  3346 | D        | Killed a vampire knight
  3349 | D        | Killed a tengu warrior
  3349 | D        | Reached skill level 12 in Shields
  3478 | D        | Noticed Maurice
  3497 | D        | Killed Maurice
  3586 | D        | Reached XP level 13. HP: 80/109 MP: 8/20
  3601 | D        | Reached skill level 12 in Dodging
  3819 | D        | Noticed a merfolk impaler
  3840 | D        | Noticed a merfolk javelineer
  3845 | D        | Reached skill level 12 in Armour
  3850 | D        | Received a gift from Okawaru
  3852 | D        | Killed a merfolk impaler
  3853 | D        | Killed a merfolk javelineer
  4118 | D        | Received a gift from Okawaru
  4264 | D        | Noticed an entropy weaver
  4276 | D        | Killed an entropy weaver
  4276 | D        | Reached skill level 15 in Shields
  4478 | D        | Noticed Azrael
  4498 | D        | Killed Azrael
  4658 | D        | Noticed Rupert
  4700 | D        | Killed Rupert
  4814 | D        | Noticed a fire dragon
  4814 | D        | Noticed a fire giant
  4814 | D        | Noticed a brown very ugly thing
  4815 | D        | Noticed a frost giant
  4820 | D        | Killed a fire dragon
  4820 | D        | Reached XP level 14. HP: 70/121 MP: 12/21
  4821 | D        | Noticed a frost giant
  4831 | D        | Killed a fire giant
  4831 | D        | Reached skill level 15 in Fighting
  4839 | D        | Killed a brown very ugly thing
  4844 | D        | Killed a frost giant
  4844 | D        | Received a gift from Okawaru
  4856 | D        | HP: 20/123 [frost giant/bolt of cold (17)]
  5006 | D        | Killed a frost giant
  5545 | D        | Noticed a stone giant
  5546 | D        | Noticed a frost giant
  5546 | D        | Noticed a stone giant
  5548 | D        | Noticed a quicksilver dragon
  5548 | D        | a frost giant changed into a quicksilver dragon
  5549 | D        | Noticed an azure jelly
  5549 | D        | a quicksilver dragon changed into an azure jelly
  5553 | D        | Killed a stone giant
  5554 | D        | Killed a stone giant
  5560 | D        | Noticed an emperor scorpion
  5560 | D        | an azure jelly changed into an emperor scorpion
  5566 | D        | Killed an emperor scorpion
  5903 | D        | Noticed a vault warden
  5906 | D        | Received a gift from Okawaru
  5906 | D        | Reached skill level 15 in Dodging
  5911 | D        | Killed a vault warden
  5911 | D        | Reached skill level 18 in Shields
  5920 | D        | Reached skill level 15 in Armour
  5950 | D        | Noticed an ironheart preserver
  5951 | D        | Received a gift from Okawaru
  5961 | D        | Noticed a frost giant
  5971 | D        | Killed an ironheart preserver
  5983 | D        | Noticed an orc warlord
  5985 | D        | Killed a frost giant
  6013 | D        | Killed an orc warlord
  6294 | D        | Noticed Agnes
  6310 | D        | Killed Agnes
  6359 | D        | Noticed Aizul
  6373 | D        | Killed Aizul
  6373 | D        | Received a gift from Okawaru
  6373 | D        | Reached XP level 15. HP: 107/134 MP: 13/22
  7279 | D        | Noticed a nagaraja
  7282 | D        | Noticed a nagaraja
  7287 | D        | Noticed a nagaraja
  7295 | D        | Killed a nagaraja
  7296 | D        | Noticed a nagaraja
  7303 | D        | Killed a nagaraja
  7310 | D        | Killed a nagaraja
  7311 | D        | Noticed a nagaraja
  7313 | D        | Noticed a nagaraja
  7315 | D        | Killed a nagaraja
  7316 | D        | Noticed a nagaraja
  7319 | D        | Killed a nagaraja
  7335 | D        | Killed a nagaraja
  7335 | D        | Received a gift from Okawaru
  7340 | D        | HP: 26/134 [nagaraja/bolt of poison (13)]
  7344 | D        | Killed a nagaraja
  7347 | D        | Got a serpentine rune of Zot
  7678 | D        | Noticed Ilsuiw
  7682 | D        | Reached skill level 21 in Axes
  7689 | D        | Killed Ilsuiw
  7940 | D        | Got a barnacled rune of Zot
  8044 | D        | Noticed a ghost moth
  8048 | D        | Noticed a ghost moth
  8050 | D        | Received a gift from Okawaru
  8051 | D        | Killed a ghost moth
  8060 | D        | Killed a ghost moth
  8064 | D        | HP: 19/134 [emperor scorpion (18)]
  8408 | D        | Reached skill level 24 in Axes
  8622 | D        | Noticed a ghost moth
  8641 | D        | Killed a ghost moth
  8657 | D        | Got a gossamer rune of Zot
  9030 | D        | HP: 26/134 [poisoned by a swamp dragon (poison gas)]
  9035 | D        | HP: 22/134 [poisoned by a swamp dragon (poison gas)]
  9040 | D        | HP: 18/134 [poisoned by a swamp dragon (poison gas)]
  9045 | D        | HP: 17/134 [poisoned by a swamp dragon (poison gas)]
  9052 | D        | HP: 16/134 [poisoned by a swamp dragon (poison gas)]
  9059 | D        | HP: 17/134 [poisoned by a swamp dragon (poison gas)]
  9067 | D        | HP: 17/134 [poisoned by a swamp dragon (poison gas)]
  9432 | D        | Gained mutation: You evolve. [potion of mutation]
  9432 | D        | Gained mutation: Your spells are a little harder to cast,
                  | but a little more powerful. [potion of mutation]
  9432 | D        | Gained mutation: You possess an exceptional clarity of
                  | mind. [potion of mutation]
  9677 | D        | Reached XP level 16. HP: 141/141 MP: 23/23
 10013 | D        | Gained mutation: Your mind is acute. (Int +2) [evolution]
 10077 | D        | Received a gift from Okawaru
 10091 | D        | HP: 28/141 [poison (poison gas)]
 10096 | D        | HP: 19/141 [poison (poison gas)]
 10101 | D        | HP: 12/141 [poison (poison gas)]
 10106 | D        | HP: 9/141 [poison (poison gas)]
 10111 | D        | HP: 7/141 [poison (poison gas)]
 10116 | D        | HP: 5/141 [poison (poison gas)]
 10121 | D        | HP: 5/141 [poison (poison gas)]
 10128 | D        | HP: 5/141 [poison (poison gas)]
 10136 | D        | HP: 6/141 [poison (poison gas)]
 10569 | D        | Got a decaying rune of Zot
 10621 | D        | Noticed Nikola
 10629 | D        | Killed Nikola
 10911 | D        | Reached skill level 18 in Fighting
 10917 | D        | Received a gift from Okawaru
 10927 | D        | Reached skill level 12 in Evocations
 11081 | D        | Noticed a golden dragon
 11090 | D        | Noticed a tentacled monstrosity
 11097 | D        | Killed a golden dragon
 11106 | D        | Noticed a shadow dragon
 11109 | D        | Noticed a shadow dragon
 11114 | D        | Killed a tentacled monstrosity
 11137 | D        | Killed a shadow dragon
 11137 | D        | Killed a shadow dragon
 11137 | D        | Reached skill level 18 in Dodging
 11442 | D        | Noticed a shadow dragon
 11442 | D        | Noticed a golden dragon
 11442 | D        | Noticed a shadow dragon
 11443 | D        | Noticed a golden dragon
 11455 | D        | Killed a shadow dragon
 11455 | D        | Reached skill level 18 in Armour
 11455 | D        | Reached skill level 21 in Shields
 11459 | D        | Noticed a quicksilver dragon
 11469 | D        | Killed a golden dragon
 11469 | D        | Gained mutation: A demonic guardian rushes to your aid.
                  | [demonic ancestry]
 11469 | D        | Reached XP level 17. HP: 133/154 MP: 20/28
 11481 | D        | Killed a golden dragon
 11481 | D        | Received a gift from Okawaru
 11481 | D        | Reached skill level 15 in Evocations
 11503 | D        | Killed a quicksilver dragon
 11505 | D        | Got a silver rune of Zot
 11506 | D        | Identified Ugaurem's Papyrus of Dark Orientation
 11510 | D        | Got a translucent turquoise ring
 11518 | D        | Got a steaming chain mail
 11679 | D        | Identified the ring of a Thousand Runes {rElec rN+ Int+3
                  | Stlth-} (You found it in the Dungeon)
 11695 | D        | Identified the cursed +0 chain mail of Duty {rN+ MP+9 SInv}
                  | (You found it in the Dungeon)
 11755 | D        | Noticed Mara
 11761 | D        | Noticed Findor's illusion
 11766 | D        | Killed Mara
 11868 | D        | Noticed Mennas
 11887 | D        | Killed Mennas
 11887 | D        | Reached skill level 21 in Fighting
 12106 | D        | Got the amulet of Omuydd {RegenMP rPois rC- Str-3 SInv}
 12108 | D        | Got the ring "Woji" {Wiz +Inv rC+ Int+6}
 12110 | D        | Got the ring "Fohoi" {rPois rF+ Str+3}
 12112 | D        | Got the ring of Iclaheph {*Corrode +Inv +Fly rPois MR+++}
 12114 | D        | Got the ring of Yendor {EV+3 Str-4 Dex+5}
 12170 | D        | Got the +3 large shield of the Elephant {+Inv rPois rC+}
 12230 | D        | Noticed Frances
 12240 | D        | Killed Frances
 12246 | D        | Noticed Louise
 12253 | D        | Killed Louise
 12263 | D        | Noticed Saint Roka
 12291 | D        | Killed Saint Roka
 12421 | D        | Noticed Jory
 12456 | D        | Killed Jory
 12850 | D        | Noticed a tentacled monstrosity
 12866 | D        | Received a gift from Okawaru
 12874 | D        | Killed a tentacled monstrosity
 12984 | D        | Noticed a bone dragon
 12985 | D        | Noticed a golden dragon
 13006 | D        | Killed a bone dragon
 13014 | D        | Killed a golden dragon
 13046 | D        | Noticed a golden dragon
 13073 | D        | Killed a golden dragon
 13073 | D        | Received a gift from Okawaru
 13073 | D        | Reached skill level 18 in Evocations
 13073 | D        | Reached XP level 18. HP: 121/173 MP: 26/31
 13074 | D        | Got a pitted plate armour {god gift}
 13226 | D        | Identified the +5 plate armour of Youthful Indiscretion
                  | {*Drain rElec MP+9 Slay+4} (Okawaru gifted it to you in the
                  | Dungeon)
 13252 | D        | Noticed a tentacled monstrosity
 13263 | D        | Killed a tentacled monstrosity
 13264 | D        | Reached skill level 24 in Fighting
 13341 | D        | Reached skill level 21 in Dodging
 13360 | D        | Reached skill level 21 in Armour
 13401 | D        | Noticed a Killer Klown
 13403 | D        | a Killer Klown changed into a titan
 13575 | D        | Noticed an electric golem
 13575 | D        | Noticed a golden dragon
 13582 | D        | Noticed a golden dragon
 13600 | D        | Received a gift from Okawaru
 13607 | D        | Killed a golden dragon
 13612 | D        | Killed a golden dragon
 13615 | D        | Reached skill level 24 in Shields
 13664 | D        | Killed an electric golem
 14077 | D        | Noticed an Orb Guardian
 14077 | D        | Noticed an Orb Guardian
 14077 | D        | Noticed an Orb Guardian
 14077 | D        | Noticed an Orb Guardian
 14077 | D        | Noticed an Orb Guardian
 14077 | D        | Noticed an Orb Guardian
 14084 | D        | Killed an Orb Guardian
 14088 | D        | Killed an Orb Guardian
 14096 | D        | Killed an Orb Guardian
 14099 | D        | Noticed an Orb Guardian
 14105 | D        | Killed an Orb Guardian
 14118 | D        | Killed an Orb Guardian
 14124 | D        | Killed an Orb Guardian
 14130 | D        | Killed an Orb Guardian
 14130 | D        | Reached skill level 27 in Fighting
 14133 | D        | Noticed an Orb Guardian
 14134 | D        | Noticed an Orb Guardian
 14135 | D        | Noticed an Orb Guardian
 14140 | D        | Killed an Orb Guardian
 14145 | D        | Killed an Orb Guardian
 14145 | D        | Reached skill level 21 in Evocations
 14151 | D        | Killed an Orb Guardian
 14211 | D        | Noticed a golden dragon
 14211 | D        | Noticed an Orb Guardian
 14211 | D        | Noticed an Orb Guardian
 14211 | D        | Noticed a golden dragon
 14222 | D        | Gained mutation: You have razor-sharp toenails. [demonic
                  | ancestry]
 14222 | D        | Reached XP level 19. HP: 185/189 MP: 27/33
 14234 | D        | Killed a golden dragon
 14234 | D        | Received a gift from Okawaru
 14271 | D        | Killed a golden dragon
 14310 | D        | Noticed an ancient lich
 14320 | D        | Killed an ancient lich
 14323 | D        | Noticed an orb of fire
 14341 | D        | Gained mutation: Your body sometimes deteriorates upon
                  | taking damage. [an orb of fire]
 14343 | D        | Gained mutation: You are frail. (-10% HP) [an orb of fire]
 14354 | D        | Killed an orb of fire
 14354 | D        | Reached skill level 24 in Armour
 14354 | D        | Reached skill level 24 in Dodging
 14355 | D        | Lost mutation: Your spells are a little harder to cast, but
                  | a little more powerful. [potion of mutation]
 14355 | D        | Lost mutation: Your body sometimes deteriorates upon taking
                  | damage. [potion of mutation]
 14355 | D        | Gained mutation: You rapidly evolve. [potion of mutation]
 14355 | D        | Lost mutation: You are frail. (-10% HP) [potion of
                  | mutation]
 14355 | D        | Gained mutation: You are resistant to hostile enchantments.
                  | (MR+) [potion of mutation]
 14402 | D        | Noticed an electric golem
 14415 | D        | Killed an electric golem
 14418 | D        | Noticed a golden dragon
 14418 | D        | Noticed an electric golem
 14418 | D        | Noticed an orb of fire
 14418 | D        | Noticed a golden dragon
 14418 | D        | Noticed an electric golem
 14421 | D        | Noticed an orb of fire
 14423 | D        | Noticed an electric golem
 14439 | D        | Noticed an ancient lich
 14445 | D        | Killed an electric golem
 14452 | D        | Noticed an electric golem
 14454 | D        | Gained mutation: You are frail. (-10% HP) [an orb of fire]
 14458 | D        | Killed an orb of fire
 14458 | D        | Reached skill level 24 in Evocations
 14485 | D        | HP: 31/170 [electric golem/bolt of lightning (17)]
 14491 | D        | Killed an electric golem
 14876 | D        | Killed a golden dragon
 14881 | D        | Noticed an ancient lich
 14891 | D        | Gained mutation: Scrolls take you a little longer to read.
                  | [an orb of fire]
 14900 | D        | Gained mutation: Potions are less effective at restoring
                  | your health. [an orb of fire]
 14905 | D        | Killed an orb of fire
 14919 | D        | Killed an electric golem
 14919 | D        | Received a gift from Okawaru
 14920 | D        | Killed an ancient lich
 14937 | D        | Killed an ancient lich
 14944 | D        | Killed a golden dragon
 14993 | D        | Killed an electric golem
 14993 | D        | Gained mutation: You have claws for feet. [demonic
                  | ancestry]
 14993 | D        | Reached XP level 20. HP: 79/177 MP: 24/37
 14998 | D        | Lost mutation: Scrolls take you a little longer to read.
                  | [potion of mutation]
 14998 | D        | Lost mutation: Your mind is acute. (Int +2) [potion of
                  | mutation]
 14998 | D        | Lost mutation: You possess an exceptional clarity of mind.
                  | [potion of mutation]
 14998 | D        | Lost mutation: You are frail. (-10% HP) [potion of
                  | mutation]
 14998 | D        | Gained mutation: You have a pair of small antennae on your
                  | head. [potion of mutation]
 14998 | D        | Gained mutation: You are dopey. (Int -2) [potion of
                  | mutation]
 14998 | D        | Gained mutation: You are resistant to electric shocks.
                  | (rElec) [potion of mutation]
 15331 | D        | Reached skill level 27 in Armour
 15331 | D        | Reached skill level 27 in Dodging
 15341 | D        | Received a gift from Okawaru
 15341 | D        | Reached skill level 27 in Evocations
 15356 | D        | Reached skill level 12 in Invocations
 15396 | D        | Reached skill level 15 in Invocations
 15534 | D        | Got the Orb of Zot
 15628 | D        | Gained mutation: You expend magic power (3 MP) to
                  | strengthen your wands. [evolution]
 15715 | D        | Noticed Hiujaomi the pandemonium lord
 15734 | D        | Killed Hiujaomi the pandemonium lord
 15735 | D        | Noticed Zyifishrir the pandemonium lord
 15801 | D        | Killed Zyifishrir the pandemonium lord
 15801 | D        | Reached skill level 27 in Shields
 15856 | D        | Reached skill level 21 in Invocations
 15859 | D        | Gained mutation: Potions are poor at restoring your health.
                  | [a neqoxec]
 16043 | D        | Reached skill level 24 in Invocations
 16329 | D        | Received a gift from Okawaru
 16337 | D        | Got a faintly glowing war axe {god gift}
 16551 | D        | Reached skill level 27 in Invocations
 16551 | D        | Reached skill level 1 in Stealth
 16840 | D        | Noticed Ryliwugg the pandemonium lord
 16862 | D        | Killed Ryliwugg the pandemonium lord
 16862 | D        | Reached skill level 15 in Stealth
 16867 | D        | Received a gift from Okawaru
 16870 | D        | Got a distressingly furry crystal plate armour {god gift}
 16872 | D        | Identified the +0 crystal plate armour of Voexor {Str+6}
                  | (Okawaru gifted it to you in the Dungeon)
 16928 | D        | Gained mutation: Your magical and physical power is
                  | slightly enhanced at high health. [demonic ancestry]
 16928 | D        | Reached XP level 21. HP: 133/204 MP: 36/38
 16989 | D        | Reached skill level 18 in Stealth
 17226 | D        | Noticed Vuwnas the pandemonium lord
 17229 | D        | HP: 26/204 [??? (19)]
 17232 | D        | HP: 10/204 [Tzitzimitl[Vuwnas] (6)]
 17237 | D        | HP: 11/204 [???[Vuwnas] (1)]
 17245 | D        | HP: 11/204 [???[Vuwnas] (1)]
 17541 | D        | Killed Vuwnas the pandemonium lord
 17541 | D        | Reached skill level 21 in Stealth
 17665 | D        | Noticed a seraph
 17693 | D        | Killed a seraph
 17700 | D        | Noticed Nucojes the pandemonium lord
 17715 | D        | Killed Nucojes the pandemonium lord
 17715 | D        | Reached skill level 24 in Stealth
 17730 | D        | Gained mutation: Armour fits poorly on your strangely
                  | shaped body. [a neqoxec]
 17860 | D        | Lost mutation: You expend magic power (3 MP) to strengthen
                  | your wands. [potion of mutation]
 17860 | D        | Lost mutation: You are resistant to hostile enchantments.
                  | (MR+) [potion of mutation]
 17860 | D        | Lost mutation: You rapidly evolve. [potion of mutation]
 17860 | D        | Lost mutation: You are dopey. (Int -2) [potion of mutation]
 17860 | D        | Gained mutation: You can translocate small distances at
                  | will. [potion of mutation]
 17860 | D        | Gained mutation: Your mind is acute. (Int +2) [potion of
                  | mutation]
 17861 | D        | Lost mutation: Your mind is acute. (Int +2) [potion of
                  | mutation]
 17861 | D        | Lost mutation: You evolve. [potion of mutation]
 17861 | D        | Lost mutation: Armour fits poorly on your strangely shaped
                  | body. [potion of mutation]
 17861 | D        | Gained mutation: You are agile. (Dex +2) [potion of
                  | mutation]
 17963 | D        | HP: 32/204 [Tzitzimitl/bolt of negative energy (35)]
 17970 | D        | HP: 23/204 [??? (11)]
 17978 | D        | HP: 17/204 [Tzitzimitl (9)]
 17980 | D        | HP: 6/204 [Tzitzimitl/bolt of negative energy (6)]
 18121 | D        | Reached skill level 27 in Stealth
 18276 | D        | Reached skill level 27 in Axes
 18303 | D        | Escaped with the Orb!

Levels and vault maps discovered:
D:        linesprint [early_d, line_temple, items_1, d_10, items_2, lair_1,
          lair_end, items_3, orc_1, orc_end, items_4, d_15, swamp_1, shoals_1,
          snake_1, spider_1, d_20, vaults_1, items_5, swamp_end, shoals_end,
          snake_end, spider_end, vaults_end, d_27, items_6, zot_1, zot_end,
          crypt_end, forest_end, elf_end, slime_end, tomb_end, abyss_end,
          pan_hell_end]

Action                   |  1- 3 |  4- 6 |  7- 9 | 10-12 | 13-15 | 16-18 | 19-21 || total
-------------------------+-------+-------+-------+-------+-------+-------+-------++-------
Melee: War axe           |    28 |       |       |       |       |       |       ||    28
       Broad axe         |       |    28 |    64 |   254 |   318 |   404 |   882 ||  1950
       Kick              |       |       |    19 |     7 |       |       |   244 ||   270
       Unarmed           |       |       |       |     3 |       |       |       ||     3
       Punch             |       |       |       |     1 |       |       |       ||     1
       Executioner's axe |       |       |       |       |   144 |   251 |       ||   395
Throw: Javelin           |       |       |       |       |       |     6 |       ||     6
Invok: Heroism           |       |       |       |     9 |    13 |    17 |    14 ||    53
       Finesse           |       |       |       |     5 |    12 |    16 |    14 ||    47
Evoke: Lightning rod     |       |       |    10 |    29 |    65 |    33 |    17 ||   154
       Wand              |       |       |     2 |     2 |     2 |     8 |     1 ||    15
  Use: Potion            |     2 |     2 |       |       |    10 |     3 |    26 ||    43
       Scroll            |       |       |       |     5 |     3 |    12 |     3 ||    23
 Stab: Invisible         |       |     6 |       |       |       |       |       ||     6
       Distracted        |       |       |       |       |       |     3 |     3 ||     6
  Eat: Ration            |       |       |     1 |       |     4 |     3 |     5 ||    13
       Chunk             |       |       |       |     5 |     6 |     6 |       ||    17
Armor: Leather armour    |     5 |       |       |       |       |       |       ||     5
       Chain mail        |       |    12 |    30 |    67 |       |       |       ||   109
       Plate armour      |       |       |       |    17 |   157 |   106 |       ||   280
       Gold dragon scale |       |       |       |       |       |    53 |   102 ||   155
Dodge: Dodged            |    16 |    13 |    28 |    54 |   184 |   135 |   119 ||   549
Block: Shield            |       |       |       |    64 |   124 |       |       ||   188
       Reflection        |       |       |       |       |     3 |     3 |     2 ||     8
       Other             |       |       |       |       |    14 |     8 |       ||    22
       Large shield      |       |       |       |       |       |   238 |   565 ||   803
